 Dungeon Crawl Stone Soup version 0.19-a0-1608-g4cf22de (webtiles) character file.

14446 Goblin1989 the Fighter (level 11, -1/92 HPs)
             Began as a Demonspawn Assassin on Sept 17, 2016.
             Was an Initiate of Gozag.
             Slain by a gargoyle
             ... wielding a +0 mace
              (6 damage)
             ... in a labyrinth.
             The game lasted 01:00:42 (15384 turns).

Goblin1989 the Fighter (Demonspawn Assassin)       Turns: 15384, Time: 01:00:43

Health: -1/92      AC: 10    Str: 12    XL:     11   Next: 88%
Magic:  0/20       EV: 16    Int: 15    God:    Gozag
Gold:   1059       SH:  0    Dex: 15    Spells: 0 memorised, 10 levels left

rFire  + . .     SeeInvis .     M - +2 demon blade (elec)
rCold  . . .     Gourm    .     w - +0 ring mail
rNeg   . . .     Faith    .     (no shield)
rPois  +         Spirit   +     (helmet restricted)
rElec  .         Dismiss  .     d - +0 cloak
rCorr  .         Reflect  .     (no gloves)
MR     .....     Harm     .     (no boots)
Stlth  ++........               r - amulet of guardian spirit
                                C - ring of magical power
                                x - ring of protection from fire

@: no status effects
A: antennae 2, slimy green scales 3, powered by death 1
a: Potion Petition, Call Merchant, Bribe Branch, Renounce Religion


You were in a labyrinth.
You worshipped Gozag.
Gozag was most pleased with you.
You were not hungry.

You visited 1 branch of the dungeon, and saw 12 of its levels.
You also visited: Labyrinth and Ice Cave.

You collected 2831 gold pieces.
You spent 807 gold pieces at shops.
You paid 965 gold pieces to Gozag.

Inventory:

Hand Weapons
 a - a +2 dagger of electrocution
 b - a +0 blowgun
 M - a +2 demon blade of electrocution (weapon)
Missiles
 e - 21 poisoned needles
 s - a curare-tipped needle
Armour
 d - a +0 cloak (worn)
 w - a +0 ring mail (worn)
Rods
 H - a -3 iron rod (12/12)
   (You found it on level 9 of the Dungeon)
Jewellery
 o - an uncursed ring of positive energy
 r - an amulet of guardian spirit (around neck)
 x - a ring of protection from fire (left hand)
 C - a ring of magical power (right hand)
 E - an uncursed ring of protection from fire
Scrolls
 i - 5 scrolls of fog
 j - 4 scrolls of teleportation
 q - a scroll of blinking {unknown}
 y - 7 scrolls of remove curse
 z - 3 scrolls of noise {unknown}
 K - 2 scrolls of recharging
 L - 2 scrolls of summoning
 O - 2 scrolls of identify
 R - 2 scrolls of vulnerability {unknown}
Potions
 h - 4 potions of curing
 k - a potion of agility
 m - 2 potions of haste
 n - 2 potions of heal wounds {unknown}
 t - 2 potions of invisibility {unknown}
 v - 2 potions of cancellation {unknown}
 B - a potion of mutation {unknown}
 I - a potion of ambrosia {unknown}
Books
 F - a book of Air

   Spells                             Type                      Level
   a - Shock                          Conjuration/Air              1
   b - Swiftness                      Charms/Air                   2
   c - Repel Missiles                 Charms/Air                   2
   d - Static Discharge               Conjuration/Air              3
   e - Lightning Bolt                 Conjuration/Air              5
 G - a book of the Tempests

   Spells                             Type                      Level
   a - Static Discharge               Conjuration/Air              3
   b - Lightning Bolt                 Conjuration/Air              5
   c - Fireball                       Conjuration/Fire             5
   d - Tornado                        Air                          9
   e - Shatter                        Earth                        9
Comestibles
 g - 13 bread rations


   Skills:
 - Level 10.8 Fighting
 - Level 10.4(10.6) Short Blades
 + Level 2.7(7.2) Long Blades
 - Level 1.7 Throwing
 + Level 2.7 Armour
 - Level 10.0 Dodging
 - Level 3.8 Stealth


You had 10 spell levels left.
You didn't know any spells.

Dungeon Overview and Level Annotations

Branches:
Dungeon (12/15)            Temple (0/1) D:6            Lair (0/6) D:10
    Orc (0/2) D:11

Altars:
Ashenzari
Dithmenos
Fedhas
Gozag
Ru
Xom

Shops:
D:7 [   D:10 ?

Annotations:
D:4 exclusion: slave


Innate Abilities, Weirdness & Mutations

You have a pair of antennae on your head.
You are completely covered in slimy green scales. (AC +4, rPois)
You regenerate a little health from kills.


Message History

The gargoyle is almost destroyed.
The gargoyle barely misses you.
You hit the gargoyle but do no damage.
The gargoyle is almost destroyed.
The gargoyle hurls a stone arrow at you.
The stone arrow hits you!
* * * LOW HITPOINT WARNING * * *
You take 16 damage, and have 7/92 hp.
You now have 1/20 mp.
Unknown command.
You hit the gargoyle but do no damage.
The gargoyle is almost destroyed.
The gargoyle hits you with a mace.
* * * LOW HITPOINT WARNING * * *
You take 2 damage, and have 5/92 hp.
Unknown command.
You hit the gargoyle but do no damage.
The gargoyle is almost destroyed.
The gargoyle hits you with a mace!
You die...
Your body crumbles into a pile of gold. #.#.. #. #... .. .# #.PPP

P..# ..P###P.##
#..P#P..#
..$.#P. #
#..P#P .#
#9P###P.# #
###@PPPPP.#
#.............#
######.....####
#######


You could see a gargoyle.

Vanquished Creatures
  2 hill giants
  2 ugly things
  A centaur zombie (D:12)
  2 ice statues (IceCv)
  3 gargoyles (Lab)
  A centaur skeleton (D:8)
  7 ice devils (IceCv)
  A two-headed ogre (D:11)
  A troll (D:11)
  4 hippogriffs
  A spriggan (D:7)
  3 yaks (D:9)
  2 water moccasins
  2 sky beasts
  2 phantoms
  A wasp (D:11)
  5 ice beasts
  2 black bears
  An eye of draining (D:11)
  7 orc warriors
  4 ogres
  11 centaurs
  2 necrophages
  2 big kobolds
  2 bullfrogs
  A gnoll sergeant (D:8)
  A water moccasin zombie (D:11)
  4 scorpions
  15 wights
  16 killer bees
  2 howler monkeys
  6 crimson imps
  3 jellies
  3 orc priests
  Crazy Yiuf (D:5)
  A bullfrog skeleton (D:6)
  3 hounds
  19 orc wizards
  4 iguanas
  6 worker ants
  A hound skeleton (D:6)
  2 howler monkey zombies
  9 gnolls (D:8)
  15 adders
  2 shadow imps
  7 white imps (IceCv)
  4 ufetubi (IceCv)
  3 oozes
  An adder zombie (D:8)
  A dart slug (D:1)
  8 leopard geckos
  44 orcs
  3 ball pythons
  7 giant cockroaches
  6 goblins
  7 hobgoblins
  7 jackals
  2 quokkas
  4 bats
  7 frilled lizards
  15 kobolds
  A leopard gecko skeleton (D:7)
  A quokka zombie (D:7)
  6 rats
319 creatures vanquished.

Vanquished Creatures (others)
  A reaper (IceCv)
  5 white imps (IceCv)
  4 ufetubi (IceCv)
  A plant (Lab)
11 creatures vanquished.

Grand Total: 330 creatures vanquished

Notes
Turn   | Place    | Note
-------+----------+-------------------------------------------
     0 | D:1      | Goblin1989 the Demonspawn Assassin began the quest for the Orb.
     0 | D:1      | Reached XP level 1. HP: 16/16 MP: 1/1
   153 | D:1      | Gained mutation: You regenerate a little health from kills. [demonic ancestry]
   153 | D:1      | Reached XP level 2. HP: 22/22 MP: 2/2
   627 | D:1      | Reached XP level 3. HP: 27/27 MP: 3/3
   821 | D:2      | Found a shattered altar of Ashenzari.
   821 | D:2      | Found an opulent altar of Gozag.
   834 | D:2      | Found a sacrificial altar of Ru.
   845 | D:2      | Became a worshipper of Gozag Ym Sagoz the Greedy
  1447 | D:2      | Reached XP level 4. HP: 33/33 MP: 4/4
  2337 | D:4      | Noticed a slave
  2448 | D:4      | Gained mutation: You have a pair of small antennae on your head. [demonic ancestry]
  2448 | D:4      | Reached XP level 5. HP: 34/38 MP: 5/5
  2603 | D:4      | Found a shadowy altar of Dithmenos.
  2813 | D:4      | Reached skill level 5 in Short Blades
  2922 | D:5      | Entered Level 5 of the Dungeon
  3006 | D:5      | Gained mutation: You have a pair of antennae on your head. [demonic ancestry]
  3006 | D:5      | Reached XP level 6. HP: 44/44 MP: 6/6
  3164 | D:5      | Noticed an ice beast
  3431 | D:5      | Gained mutation: You are partially covered in slimy green scales. (AC +2) [demonic ancestry]
  3431 | D:5      | Reached XP level 7. HP: 49/50 MP: 7/7
  3859 | D:5      | Found a runed door.
  4010 | D:5      | Gained mutation: You are mostly covered in slimy green scales. (AC +3) [demonic ancestry]
  4010 | D:5      | Reached XP level 8. HP: 51/56 MP: 6/8
  4062 | D:5      | Noticed Crazy Yiuf
  4068 | D:5      | Killed Crazy Yiuf
  4484 | D:6      | Found a staircase to the Ecumenical Temple.
  4603 | D:6      | Reached skill level 10 in Short Blades
  4884 | D:6      | Found a blossoming altar of Fedhas.
  5073 | D:7      | Reached XP level 9. HP: 64/64 MP: 9/9
  5210 | D:7      | Found Zoruwkiu's Armour Shoppe.
  5226 | D:7      | Bought a +2 robe of cold resistance for 177 gold pieces
  5396 | D:7      | Reached skill level 5 in Fighting
  6456 | D:8      | Found a shimmering altar of Xom.
  6487 | D:8      | Noticed a hill giant
  6510 | D:8      | Killed a hill giant
  6582 | D:8      | Reached XP level 10. HP: 77/83 MP: 10/10
  7709 | D:9      | Reached skill level 10 in Fighting
  7766 | D:9      | Reached skill level 1 in Dodging
  8616 | D:10     | Entered Level 10 of the Dungeon
  8736 | D:10     | Found a staircase to the Lair.
  8779 | D:10     | Noticed a hill giant
  9006 | D:10     | Reached skill level 5 in Dodging
  9603 | D:10     | Killed a hill giant
  9678 | D:10     | Found Tarhelao's Magic Scroll Boutique.
  9728 | D:10     | Bought 3 scrolls of amnesia for 126 gold pieces
  9728 | D:10     | Bought a scroll of enchant weapon for 90 gold pieces
  9728 | D:10     | Bought a scroll of enchant weapon for 90 gold pieces
  9728 | D:10     | Bought a scroll of recharging for 114 gold pieces
  9728 | D:10     | Bought a scroll of summoning for 114 gold pieces
  9728 | D:10     | Bought a scroll of teleportation for 36 gold pieces
  9728 | D:10     | Bought a scroll of teleportation for 36 gold pieces
  9728 | D:10     | Bought a scroll of fog for 24 gold pieces
  9933 | D:11     | Noticed a green ugly thing
  9946 | D:11     | Killed a green ugly thing
  9946 | D:11     | Gained mutation: You are completely covered in slimy green scales. (AC +4, rPois) [demonic ancestry]
  9946 | D:11     | Reached XP level 11. HP: 91/91 MP: 11/11
  9982 | D:11     | Found a staircase to the Orcish Mines.
 10055 | D:11     | Found a frozen archway.
 10064 | IceCv    | Entered an ice cave
 10292 | IceCv    | Killed a reaper
 13424 | D:11     | Reached skill level 10 in Dodging
 14437 | D:12     | Found a labyrinth entrance.
 14442 | D:12     | Noticed a green ugly thing
 14449 | D:12     | Reached skill level 1 in Long Blades
 14449 | D:12     | Reached skill level 1 in Armour
 14452 | D:12     | Killed a green ugly thing
 14479 | Lab      | Entered a labyrinth
 15384 | Lab      | Slain by a gargoyle

Vault maps used:
D:1:      lightli_arrival_windingriver, minmay_tetromino_t4
D:2:      grunt_temple_overflow_open, kennysheep_path_1,
          nicolae_underground_beach
D:3:      first_bread
D:4:      nicolae_dithmenos_the_darkroom, grunt_decor_one_mirror, st_stairs_14,
          uniq_pikel
D:5:      uniq_crazy_yiuf_cottage
D:6:      kennysheep_little_box
D:7:      serial_shops, nicolae_shop_crystal, the_bakery, minmay_door_square
D:8:      basic_altar
D:10:     dpeg_oklobed_lair, serial_shops, nicolae_shop_stone,
          lemuel_flame_loot_1
D:11:     david_orc_3, portal_ice_cave_entry_pillars_1, billiards_dpeg
D:12:     lab_entry_generic, uniq_kirke
Lab:      labyrinth_watery, nicolae_lab_garden, lab_statue, nicolae_lab_swirl,
          lab_hedge, nicolae_lab_grate, nicolae_lab_lava
IceCv:    ice_cave_small_demon

Skill      XL: |  1  2  3  4  5  6  7  8  9 10 11 |
---------------+----------------------------------+-----
Short Blades   | 2 3 4 5 6 8 10 | 10.4
Fighting       | 3 9 10 | 10.8
Dodging        | 7 10 | 10.0
Long Blades    | 2 |  2.7
Armour         | 2 |  2.7
Throwing       | |  1.7
Stealth        | |  3.8

Action                   |  1- 3 |  4- 6 |  7- 9 | 10-12 || total
-------------------------+-------+-------+-------+-------++-------
Melee: Dagger            |   106 |   130 |   413 |  1236 ||  1885
       Demon blade       |       |       |       |    97 ||    97
 Fire: Blowgun           |     4 |     5 |    24 |     1 ||    34
Invok: Potion Petition   |       |       |     1 |     2 ||     3
Evoke: Wand              |       |       |       |    11 ||    11
       Rod               |       |       |       |     2 ||     2
  Use: Scroll            |     6 |     4 |       |     6 ||    16
       Potion            |       |       |     2 |     4 ||     6
 Stab: Sleeping          |     6 |    10 |     9 |     9 ||    34
       Distracted        |       |     1 |     1 |     8 ||    10
  Eat: Beef jerky        |     1 |       |     1 |       ||     2
       Meat ration       |       |     1 |     2 |     3 ||     6
       Pizza             |       |       |     1 |       ||     1
       Bread ration      |       |       |       |     3 ||     3
       Fruit             |       |       |       |     3 ||     3
Armor: Robe              |    28 |    13 |    60 |   172 ||   273
       Skin              |       |       |       |    52 ||    52
       Ring mail         |       |       |       |     8 ||     8
Dodge: Dodged            |    49 |    45 |   127 |   592 ||   813
